 Dungeon Crawl Stone Soup version 0.17-a0-1738-g82cdc46 (webtiles) character file.

155 RedzDrunk the Skirmisher (level 5, -3/59 HPs)
             Began as an Ogre Warper on Aug 31, 2015.
             Slain by Terence
             ... wielding a +0 short sword of electrocution
              (14 damage)
             ... on level 3 of the Dungeon.
             The game lasted 00:11:42 (2508 turns).

RedzDrunk the Skirmisher (Ogre Warper)              Turns: 2508, Time: 00:11:42

Health: -3/59      AC:  4    Str: 13 (17) XL:     5   Next: 37%
Magic:  0/10       EV: 10    Int: 11 (12) God:
Gold:   280        SH:  0    Dex:  8 (9)  Spells: 4 memorised, 3 levels left

rFire  . . .     SeeInvis .     a - +0 mace
rCold  . . .     Clarity  .     b - +1 robe
rNeg   . . .     SustAt   .     (no shield)
rPois  +         Gourm    .     (helmet restricted)
rElec  .         Spirit   .     (no cloak)
rCorr  .         Warding  .     (gloves unavailable)
rMut   .         Stasis   .     (boots unavailable)
MR     .....                    q - amulet of regeneration
Stlth  +.........               (no ring)
                                (no ring)

@: not resistant to hostile enchantments, very unstealthy
A: unfitting armour, deterioration 1, poison resistance, robust 1, tough skin 1
a: no special abilities


You were on level 3 of the Dungeon.
You were hungry.

You visited 1 branch of the dungeon, and saw 3 of its levels.

You collected 280 gold pieces.

Inventory:

Hand weapons
 a - a +0 mace (weapon)
Missiles
 e - 5 tomahawks of dispersal (quivered)
 h - 2 tomahawks
 v - 2 exploding tomahawks
Armour
 b - a +1 robe (worn)
Jewellery
 q - an amulet of regeneration (around neck)
Scrolls
 d - a scroll of blinking
 g - 2 scrolls of enchant armour
 j - a scroll of fear {unknown}
 k - 4 scrolls of teleportation {unknown}
 l - a scroll of remove curse
 o - 5 scrolls of identify {unknown}
 r - a scroll of immolation {unknown}
 s - a scroll of amnesia {unknown}
 u - a scroll of enchant weapon {unknown}
Potions
 n - 2 potions of curing
 w - a potion of beneficial mutation {unknown}
 x - a potion of haste
Books
 c - a book of Spatial Translocations

   Spells                             Type                      Level
   a - Apportation                    Translocation                1
   b - Blink                          Translocation                2
   c - Shroud of Golubria             Charms/Translocation         2
   d - Portal Projectile              Translocation                3
   e - Teleport Other                 Translocation                3
   f - Passage of Golubria            Translocation                4
Comestibles
 f - a bread ration
 i - 2 chunks of flesh
 m - 2 meat rations
 p - 2 beef jerkies
 t - 5 fruits


   Skills:
 + Level 3.8 Fighting
 + Level 3.7 Maces & Flails
 + Level 2.1 Throwing
 + Level 2.6 Dodging
 + Level 3.6 Spellcasting
 + Level 2.6 Translocations


You had 3 spell levels left.
You knew the following spells:

 Your Spells              Type           Power        Failure   Level  Hunger
a - Apportation           Tloc           #.........   10%         1    #......
b - Blink                 Tloc           N/A          14%         2    ##.....
c - Shroud of Golubria    Chrm/Tloc      #.........   24%         2    ##.....
d - Teleport Other        Tloc           #.......     24%         3    ###....


Dungeon Overview and Level Annotations

Branches:
Dungeon (3/15)

Altars:

Annotations:
D:2 Sigmund
D:3 Terence


Innate Abilities, Weirdness & Mutations

You are too large for most types of armour.
You have tough skin (AC +1).
Your body sometimes deteriorates upon taking damage.
Your system is resistant to poisons.
You are robust (+10% HP).


Message History

Aiming: Teleport Other
Press: ? - help, Shift-Dir - straight line, f - Terence
Aim: Terence, wielding a short sword of electrocution and wearing a scale mail (moderately wounded, fast, chance to defeat MR: 50%) Terence resists with some effort.
Terence hits you but does no damage.
You are electrocuted!
* * * LOW HITPOINT WARNING * * *
Your body deteriorates!
You feel weakened.
Casting: Teleport Other
Confirm with . or Enter, or press ? or * to list all spells.
You blink.
Casting: Blink
Confirm with . or Enter, or press ? or * to list all spells.
You blink.
Terence shouts, "Now you die!"
Casting: Blink
Confirm with . or Enter, or press ? or * to list all spells.
You blink.
Terence bares his teeth.
Terence hits you but does no damage.
You are electrocuted!
You die...

######### #......<......###
#.......###......))........
#.#####.......#......#.####
##.#####..##............#
............#.####......#
##.#####..#.#.........#)#
#.#####^.....#########.##
#....<@.##.### #...#
##########@.## #...# ##@#.##
#...# ##.###.## #)..#
####### #.## ##.# #...#
#.....# #..###.#######...###
#....(###.#...##......)..>..
.#
#...........>...............
#.##
#....†##.##...##............
..g
#.....##.##...########...###


You could see Terence.

Vanquished Creatures
  Ijyb (D:3)
  Jessica (D:3)
  2 adders
  An ooze (D:2)
  A worm (D:2)
  3 giant geckos
  6 orcs (D:3)
  10 bats
  10 hobgoblins
  A quokka (D:2)
  3 giant cockroaches
  3 giant newts
  11 goblins
  11 kobolds
  6 rats
70 creatures vanquished.

Notes
Turn   | Place    | Note
--------------------------------------------------------------
     0 | D:1      | RedzDrunk the Ogre Warper began the quest for the Orb.
     0 | D:1      | Reached XP level 1. HP: 22/22 MP: 3/3
   129 | D:1      | Reached skill level 3 in Fighting
   129 | D:1      | Reached XP level 2. HP: 20/31 MP: 5/5
   139 | D:1      | Learned a level 2 spell: Blink
   736 | D:1      | Reached XP level 3. HP: 21/37 MP: 7/7
  1402 | D:2      | Noticed Sigmund
  1423 | D:2      | Gained mutation: Your body sometimes deteriorates upon taking damage. [potion of mutation]
  1423 | D:2      | Gained mutation: You are robust (+10% HP). [potion of mutation]
  1423 | D:2      | Gained mutation: Your system is resistant to poisons. [potion of mutation]
  1628 | D:2      | Reached XP level 4. HP: 47/52 MP: 8/8
  1666 | D:3      | Learned a level 2 spell: Shroud of Golubria
  1670 | D:3      | Learned a level 3 spell: Teleport Other
  1759 | D:3      | Noticed Jessica
  1767 | D:3      | Killed Jessica
  2071 | D:3      | Noticed Ijyb
  2152 | D:3      | Killed Ijyb
  2152 | D:3      | Reached XP level 5. HP: 39/59 MP: 3/10
  2218 | D:3      | Noticed Terence
  2508 | D:3      | Slain by Terence

Vault maps used:
D:1:      minmay_arrival_three_doors
D:2:      uniq_sigmund
D:3:      kennysheep_the_goblin_king, cheibriados_altar_wand_db, uniq_iyjb,
          uniq_terence, uniq_jessica

Action                   |  1- 3 |  4- 6 || total
-------------------------+-------+-------++-------
Melee: Mace              |   139 |   181 ||   320
       Whip              |     8 |       ||     8
 Cast: Blink             |     3 |     3 ||     6
       Shroud of Golubri |       |     7 ||     7
       Teleport Other    |       |     1 ||     1
  Use: Potion            |     4 |       ||     4
       Scroll            |     2 |     1 ||     3
  Eat: Chunk             |     3 |     4 ||     7
